 Dungeon Crawl Stone Soup version 0.30.1-3-gfc49f6343a (webtiles) character file.

Game seed: 16357308525384820012

177 shmup the Firebug (level 5, 0/28 HPs)
             Began as a Tengu Fire Elementalist on July 21, 2023.
             Killed by nerve-wracking pain
             ... invoked by an orc priest
              (13 damage)
             ... on level 3 of the Dungeon.
             The game lasted 00:06:49 (2179 turns).

shmup the Firebug (Tengu Fire Elementalist)         Turns: 2179, Time: 00:06:50

Health: 0/28       AC:  2    Str: 15    XL:     5   Next: 57%
Magic:  1/9        EV: 14    Int: 17    God:
Gold:   61         SH:  0    Dex: 14    Spells: 5/8 levels left

rFire   . . .        j - +0 dagger
rCold   . . .        (no shield)
rNeg    . . .        a - +0 robe
rPois   .            (helmet restricted)
rElec   .            (no cloak)
rCorr   .            (no gloves)
SInv    .            (boots unavailable)
Will    .....        (no amulet)
Stlth   ++           p - +6 ring of strength
HPRegen 0.24/turn    (no ring)
MPRegen 0.11/turn

%: no passive effects
@: flying quickly and evasively, quick
A: beak, talons 3, nimble flight
a: no special abilities


You were on level 3 of the Dungeon.
You visited 1 branch of the dungeon, and saw 3 of its levels.

You collected 61 gold pieces.

Inventory:

Hand Weapons
 j - a +0 dagger (weapon)
Armour
 a - a +0 robe (worn)
Jewellery
 p - a +6 ring of strength (left hand)
Scrolls
 i - a scroll of noise {unknown}
 k - a scroll of brand weapon {unknown}
 l - a scroll of butterflies {unknown}
 m - 2 scrolls of identify {unknown}
 n - a scroll of magic mapping {unknown}
 o - 2 scrolls of fog {unknown}
Potions
 b - 2 potions of magic
 c - 2 potions of attraction {unknown}
 d - 3 potions of flight {unknown}
 e - 2 potions of degeneration {unknown}
 f - a potion of curing {unknown}
 g - a potion of experience {unknown}
 h - a potion of brilliance {unknown}


   Skills:
 - Level 2.1 Dodging
 - Level 2.0 Stealth
 - Level 2.0 Spellcasting
 + Level 4.0 Conjurations
 * Level 5.8 Fire Magic


You had 5 spell levels left.
You knew the following spells:

 Your Spells              Type           Power      Damage    Failure   Level
a - Foxfire               Conj/Fire      72%        2x1d7     2%          1
b - Scorch                Fire           42%        2d7       2%          2

Your spell library contained the following spells:

 Spells                   Type           Power      Damage    Failure   Level
 Inner Flame              Hex/Fire       11%        N/A       19%         3
 Volatile Blastmotes      Fire/Tloc      22%        2d11      19%         3
 Flame Wave               Conj/Fire      18%        2d7       26%         4


Dungeon Overview and Level Annotations

Branches:
Dungeon (3/15)

Altars:
Xom


Innate Abilities, Weirdness & Mutations

You have a beak for a mouth.
You have claws for feet.
Your magical nature lets you fly swiftly and evasively.


Message History

The orc is lightly wounded.
The foxfire hits the orc.
The orc is moderately wounded.
Casting: Foxfire (safe; 2% risk of failure)
Confirm with . or Enter, or press ? or * to list all spells.
Flames lash the orc.
The orc is severely wounded.
The orc's fire resistance burns away.
The endoplasm quivers.
Casting: Scorch (safe; 2% risk of failure)
Confirm with . or Enter, or press ? or * to list all spells.
Flames lash the orc.
The orc is burned terribly!
You kill the orc!
Casting: Scorch (safe; 2% risk of failure)
Confirm with . or Enter, or press ? or * to list all spells.
Flames lash the orc priest.
The orc priest is moderately wounded.
The orc priest's fire resistance burns away.
The orc priest looks encouraged for a moment.
Casting: Scorch (safe; 2% risk of failure)
Confirm with . or Enter, or press ? or * to list all spells.
Flames lash the endoplasm.
The endoplasm is severely wounded.
The endoplasm's fire resistance burns away.
Casting: Scorch (safe; 2% risk of failure)
Confirm with . or Enter, or press ? or * to list all spells.
You don't have enough magic to cast this spell.
Unknown command.
The orc priest misses you. The orc priest hits you with a +0 whip.
You hit the orc priest. You claw the orc priest!
The orc priest is severely wounded.
The orc priest calls down the wrath of Beogh upon you.
Pain shoots through your body!
* * * LOW HITPOINT WARNING * * *
The orc hits you with a +0 club.
* * * LOW HITPOINT WARNING * * *
The endoplasm closely misses you.
The orc priest calls down the wrath of Beogh upon you.
Pain shoots through your body!
You die...

▒▒▒▒.▒▒▒▒▒........
..................▒
▒▒▒▒..............▒▒▒▒▒▒▒
...............▒.........
▒▒▒▒▒▒▒.▒......▒...?.....
▒▒▒▒▒ ▒.▒......▒....?....
....▒ ▒......▒▒▒.........
....▒ ▒.......▒▒.........
....▒ ▒.....▒.▒▒Qo.......
....▒▒▒...▒.▒..ooJ.......
............▒▒▒.▒▒▒▒▒▒...
..^.........▒ ▒........
...........▒▒ ....▒.▒▒.
....▒▒▒▒▒▒▒▒ .....▒ ....▒
....... ..... )....o...
..... ...........


You could see 2 orc priests, an orc and an endoplasm (combustible).

Vanquished Creatures
  An ogre (D:2)
  4 adders
  3 worms
  2 dart slugs
  An orc (D:3)
  3 bats
  5 endoplasms
  3 giant cockroaches (D:1)
  4 goblins
  3 hobgoblins
  4 kobolds
  A quokka (D:2)
  7 ball pythons
  2 frilled lizards
  4 rats
47 creatures vanquished.

Vanquished Creatures (others)
  108 foxfires
108 creatures vanquished.

Grand Total: 155 creatures vanquished

Notes
Turn   | Place    | Note
-------+----------+-------------------------------------------
     0 | D:1      | shmup the Tengu Fire Elementalist began the quest for the
                  | Orb.
     0 | D:1      | Reached XP level 1. HP: 10/10 MP: 4/4
   132 | D:1      | Reached XP level 2. HP: 14/15 MP: 0/6
   323 | D:1      | Found a faded altar of an unknown god.
   523 | D:1      | Reached skill level 4 in Fire Magic
   814 | D:1      | Reached XP level 3. HP: 19/19 MP: 4/7
  1126 | D:2      | Noticed an ogre
  1130 | D:2      | Learned a level 2 spell: Scorch
  1142 | D:2      | Killed an ogre
  1143 | D:2      | Reached skill level 5 in Fire Magic
  1143 | D:2      | Reached XP level 4. HP: 24/24 MP: 1/8
  1143 | D:2      | Gained mutation: Your magical nature lets you fly swiftly
                  | and evasively. [Tengu growth]
  1143 | D:2      | Reached XP level 5. HP: 28/28 MP: 1/9
  1510 | D:2      | Found a shimmering altar of Xom.
  2179 | D:3      | Killed from afar by an orc priest

Illustrated notes

Levels and vault maps discovered:
D:1:      wander_arrival_estate, layout_basic,
          dreamdust_ecumenical_altar_statues
D:2:      layout_rooms, basic_altar, kennysheep_generic_room_9
D:3:      layout_basic, gammafunk_temple_overflow_pools,
          mainiacjoe_overflow_alcove_3

Skill      XL: |  1  2  3  4  5 |
---------------+----------------+-----
Conjurations   | 2 3 4 |  4.0
Fire Magic     | 4 5 |  5.8
Dodging        | |  2.1
Stealth        | |  2.0
Spellcasting   | |  2.0

Action                     |  1- 3 |  4- 6 || total
---------------------------+-------+-------++-------
  Melee: Dagger            |       |     4 ||     4
         Kick              |       |     2 ||     2
   Cast: Foxfire           |    42 |    20 ||    62
         Scorch            |     3 |    13 ||    16
 Armour: Robe              |       |     1 ||     1
  Dodge: Dodged            |     5 |     6 ||    11
